 Dungeon Crawl Stone Soup version 0.29-a0-2-g12fcac58f8 (webtiles) character file.

Game seed: 11453934336384778149

2759 funkygono the Arsonist (level 9, -7/46 HPs)
             Began as a Gargoyle Fire Elementalist on Jan 26, 2022.
             Was a Follower of Vehumet.
             Shot with a sling bullet by Joseph (10 damage)
             ... on level 6 of the Dungeon.
             The game lasted 00:13:29 (8371 turns).

funkygono the Arsonist (Gargoyle Fire Elementalist) Turns: 8371, Time: 00:13:30

Health: -7/46      AC: 16    Str: 13    XL:     9   Next: 69%
Magic:  6/20       EV: 16    Int: 21    God:    Vehumet [*.....]
Gold:   254        SH:  0    Dex: 10    Spells: 12/23 levels left

rFire   + . .      SeeInvis .   B - +2 flail (protect)
rCold   . . .      Faith    .   (no shield)
rNeg    + . .      Spirit   .   y - +2 robe {rF+}
rPois   ∞          Reflect  .   (no helmet)
rElec   +          Harm     .   f - +0 cloak
rCorr   .          Rampage  .   m - +2 pair of gloves
Will    ++...                   i - +1 pair of boots of the Past {Fly Will+ Int+2}
Stlth   ++........              (no amulet)
HPRegen 0.15/turn               j - ring of willpower
MPRegen 0.17/turn               r - +4 ring of evasion

@: flying
A: sickness immunity, AC +6, negative energy resistance 1, electricity
resistance, torment resistance 1, petrification resistance
a: Renounce Religion


You were on level 6 of the Dungeon.
You worshipped Vehumet.
Vehumet was aware of your devotion.
You visited 2 branches of the dungeon, and saw 8 of its levels.

You collected 254 gold pieces.

Inventory:

Hand Weapons
 a - the +1 war axe "Bung" {chaos, rPois Int+7 Dex-5 SInv}
   (You found it on level 7 of the Dungeon)

   Each time it hits an enemy it has a different, random effect.
   Int:       It affects your intelligence (+7).
   Dex:       It affects your dexterity (-5).
   rPois:     It protects you from poison.
   SInv:      It lets you see invisible.
 c - a +0 club
 d - a +2 spectral quarterstaff
 k - a +2 dagger of protection
 n - a +0 morningstar
 q - a +0 whip
 B - a +2 flail of protection (weapon)
Missiles
 b - 226 stones
Armour
 f - a +0 cloak (worn)
 i - the +1 pair of boots of the Past (worn) {Fly Will+ Int+2}
   (You acquired it on level 3 of the Dungeon)

   Int:       It affects your intelligence (+2).
   Fly:       It grants you flight.
   Will:      It increases your willpower.
 m - a +2 pair of gloves (worn)
 o - a +0 leather armour
 y - a +2 robe of fire resistance (worn)
Jewellery
 j - a ring of willpower (left hand)
 r - a +4 ring of evasion (right hand)
 z - a ring of protection from fire
Wands
 t - a wand of flame (21)
 w - a wand of digging (7)
Scrolls
 p - a scroll of blinking
 s - a scroll of teleportation
Potions
 e - 3 potions of heal wounds
 g - 2 potions of attraction {unknown}
 h - 2 potions of cancellation {unknown}
 l - a potion of lignification {unknown}
 u - a potion of flight {unknown}
 v - a potion of haste {unknown}
 x - a potion of curing {unknown}


   Skills:
 + Level 0.8 Fighting
 + Level 1.0 Staves
 + Level 1.9 Dodging
 - Level 2.1 Stealth
 * Level 7.8 Spellcasting
 * Level 6.4 Conjurations
 * Level 8.4 Fire Magic


You had 12 spell levels left.
You knew the following spells:

 Your Spells              Type           Power      Damage    Failure   Level
a - Foxfire               Conj/Fire      100%       2x1d9     1%          1
b - Scorch                Fire           86%        2d9       1%          2
c - Conjure Flame         Conj/Fire      39%        6-21      1%          3
d - Flame Wave            Conj/Fire      39%        2d9       3%          4
e - Sandblast             Erth           16%        2d6       9%          1

Your spell library contained the following spells:

 Spells                   Type           Power      Damage    Failure   Level
 Magic Dart               Conj           100%       1d8       1%          1
 Inner Flame              Hex/Fire       26%        N/A       4%          3
 Mephitic Cloud           Conj/Pois/Air  17%        N/A       10%         3
 Call Imp                 Summ           8%         N/A       12%         2
 Corpse Rot               Necr/Air       16%        N/A       12%         2
 Tukima's Dance           Hex            8%         N/A       24%         3
 Dispel Undead            Necr           8%         3d8       63%         4
 Passage of Golubria      Tloc           8%         N/A       63%         4
 Yara's Violent Unravell  Hex/Tmut       4%         3d4       92%         5
 Death Channel            Necr           4%         N/A       100%        6


Dungeon Overview and Level Annotations

Branches:
Dungeon (7/15)             Temple (1/1) D:4

Altars:
Cheibriados
Dithmenos
Elyvilon
Fedhas
Gozag
Hepliaklqana
Kikubaaqudgha
Makhleb
Nemelex Xobeh
Okawaru
Qazlal
Ru
Sif Muna
Trog
Uskayaw
Vehumet
Wu Jian
Yredelemnul
Zin
The Shining One

Shops:
D:2 [   D:6 :

Annotations:
D:3 3 runed translucent doors, bmj180's ghost, amateur MfIE
D:6 Joseph


Innate Abilities, Weirdness & Mutations

You are immune to sickness and miasma.
Your stone body is resilient. (AC +6)
You are immune to poison.
You resist negative energy. (rN+)
You are resistant to electric shocks. (rElec)
You are resistant to unholy torment.
You are immune to petrification.


Message History

Joseph hits you with a +0 quarterstaff!
Unknown command.
Casting: Scorch (safe; 1% risk of failure)
Confirm with . or Enter, or press ? or * to list all spells.
Flames lash Joseph.
Joseph is moderately wounded.
Joseph's fire resistance burns away.
Joseph closely misses you.
A gnoll comes into view. It is wielding a +0 spear.
Unknown command.
Casting: Scorch (safe; 1% risk of failure)
Confirm with . or Enter, or press ? or * to list all spells.
Flames lash Joseph.
Joseph is burned terribly!
Joseph is heavily wounded.
Joseph misses you. The gnoll closely misses you.
Casting: Scorch (safe; 1% risk of failure)
Confirm with . or Enter, or press ? or * to list all spells.
Okay, then.
Unknown command.
Casting: Scorch (safe; 1% risk of failure)
Confirm with . or Enter, or press ? or * to list all spells.
Flames lash the gnoll.
The gnoll is severely wounded.
The gnoll's fire resistance burns away.
Joseph hits you with a +0 quarterstaff. The gnoll hits you but does no damage.
Unknown command.
Casting: Scorch (safe; 1% risk of failure)
Confirm with . or Enter, or press ? or * to list all spells.
Flames lash the gnoll.
The gnoll is burned terribly!
You kill the gnoll!
Vehumet accepts your kill. Joseph hits you with a +0 quarterstaff!
* * * LOW HITPOINT WARNING * * *
Joseph hits you with a +0 quarterstaff!
* * * LOW HITPOINT WARNING * * *
You fly upwards.
There is a stone staircase leading down here.
Joseph tries to grin evilly.
Joseph unwields a +0 quarterstaff.
Joseph wields a +0 hunting sling.
Joseph shoots a sling bullet.
The sling bullet hits you!
You die...

_.♣......#...........#
#.##.#
.....###...####......#
#.##.# ♣r.≈#...####
#......# #.##.#
..≈≈#...# #.##.#.#
#)##.# ..###...#
#.##.#.###.##.#
.......##
#.##..........#
######.#
#......#≈.≈####
#.###########@..≈≈.≈≈#
#..........@>)##≈≈∩≈≈#
################≈≈≈≈≈#
##≈≈≈## #####


You could see Joseph (combustible).

Vanquished Creatures
  A wyvern (D:6)
  3 yaks
  Sigmund (D:6)
  2 steam dragons
  Edmund (D:6)
  Menkaure (D:6)
  A water moccasin (D:6)
  An ice beast (D:5)
  A sky beast (D:6)
  2 centaurs
  2 phantoms
  A bullfrog (D:7)
  A scorpion (D:6)
  2 wyvern zombies
  A bullfrog zombie (D:5)
  A crimson imp (D:5)
  2 jellies
  5 hounds
  An orc priest (D:6)
  3 centaur skeletons
  An iguana (D:6)
  An orc wizard (D:4)
  2 hound skeletons
  A howler monkey zombie (D:6)
  9 gnolls
  5 adders
  A shadow imp (D:5)
  3 worms
  4 dart slugs
  16 orcs
  12 ball pythons
  2 bats
  7 endoplasms
  3 giant cockroaches
  8 goblins
  7 hobgoblins
  8 jackals
  7 quokkas
  5 frilled lizards
  5 kobolds
  3 rats
143 creatures vanquished.

Vanquished Creatures (others)
  546 foxfires
546 creatures vanquished.

Grand Total: 689 creatures vanquished

Notes
Turn   | Place    | Note
-------+----------+-------------------------------------------
     0 | D:1      | funkygono the Gargoyle Fire Elementalist began the quest
                  | for the Orb.
     0 | D:1      | Reached XP level 1. HP: 10/10 MP: 3/3
   180 | D:1      | Reached XP level 2. HP: 14/15 MP: 0/5
   374 | D:1      | Learned a level 2 spell: Scorch
   893 | D:1      | Reached XP level 3. HP: 19/19 MP: 0/6
   897 | D:1      | Learned a level 3 spell: Conjure Flame
  1669 | D:2      | Reached skill level 4 in Fire Magic
  1947 | D:2      | Reached XP level 4. HP: 24/24 MP: 3/7
  2132 | D:2      | Found Xiot's Armour Emporium.
  2348 | D:2      | Found an opulent altar of Gozag.
  2778 | D:3      | Found a faded altar of an unknown god.
  3264 | D:3      | Found a runed translucent gate.
  3264 | D:3      | Found a runed translucent gate.
  3264 | D:3      | Found a runed translucent gate.
  3264 | D:3      | Found an opulent altar of Gozag.
  3266 | D:3      | Noticed bmj180's ghost (amateur MfIE)
  3358 | D:3      | Found a faded altar of an unknown god.
  3362 | D:3      | Found a basalt altar of Yredelemnul.
  3449 | D:3      | Identified a scroll of acquirement
  3449 | D:3      | Acquired the +1 pair of boots of the Past {Fly Will+ Int+2}
  3491 | D:4      | Reached XP level 5. HP: 28/28 MP: 3/9
  3807 | D:4      | Found a staircase to the Ecumenical Temple.
  3816 | Temple   | Entered the Ecumenical Temple
  3916 | D:4      | Reached XP level 6. HP: 32/32 MP: 5/11
  4242 | D:4      | Found a sparkling altar of Nemelex Xobeh.
  4378 | D:4      | Reached skill level 5 in Fire Magic
  4503 | D:4      | Learned a level 4 spell: Flame Wave
  4518 | D:4      | Found a shadowy altar of Dithmenos.
  4950 | D:4      | Reached XP level 7. HP: 36/36 MP: 7/13
  5254 | D:4      | Acquired a +4 ring of evasion
  5283 | D:5      | Entered Level 5 of the Dungeon
  5315 | D:5      | Found a radiant altar of Vehumet.
  5316 | D:5      | Found a burning altar of Makhleb.
  5332 | D:5      | Became a worshipper of Vehumet
  5726 | D:5      | Reached skill level 6 in Fire Magic
  6042 | D:5      | Reached skill level 5 in Spellcasting
  6042 | D:5      | Reached XP level 8. HP: 41/41 MP: 10/15
  6107 | D:5      | Found a glowing silver altar of Zin.
  6259 | D:6      | Noticed Sigmund
  6260 | D:6      | Noticed Menkaure
  6518 | D:6      | Killed Menkaure
  6622 | D:6      | Killed Sigmund
  6764 | D:6      | Found a white marble altar of Elyvilon.
  6785 | D:6      | Reached skill level 5 in Conjurations
  6785 | D:6      | Reached skill level 7 in Fire Magic
  6864 | D:6      | Noticed Edmund
  6874 | D:6      | Killed Edmund
  7215 | D:6      | Found Geuxout's Book Shoppe.
  7356 | D:6      | Reached XP level 9. HP: 46/46 MP: 12/19
  7799 | D:7      | Reached * piety under Vehumet
  7799 | D:7      | Offered knowledge of Sandblast by Vehumet.
  7802 | D:7      | Learned a level 1 spell: Sandblast
  7869 | D:7      | Identified the +1 war axe "Bung" {chaos, rPois Int+7 Dex-5
                  | SInv}
  7919 | D:7      | Reached skill level 1 in Staves
  8075 | D:7      | Reached skill level 8 in Fire Magic
  8228 | D:7      | Noticed Joseph
  8369 | D:7      | HP: 2/46 [Joseph (9)]
  8371 | D:6      | Shot with a sling bullet by Joseph

Illustrated notes

Levels and vault maps discovered:
D:1:      dpeg_arrival_morbid_curiosity, layout_basic
D:2:      layout_basic, basic_altar, serial_shops, nicolae_shop_statue_plus
D:3:      layout_rooms, nicolae_overflow_ecumenical_swirl,
          shapermc_ecumenical_altar_petra, ebering_ghost_gozag
D:4:      layout_layer_cave, kennysheep_little_box,
          nemelex_xobeh_ov_fountains_minmay, minmay_temple_entry_stoned_glass,
          hangedman_abyss_or_decor_stagger, minmay_misc_feat_diagonals
D:5:      layout_rooms, mainiacjoe_overflow_alcove_2,
          grunt_temple_overflow_lords_of_destruction, minivault_27
D:6:      layout_loops_ring, elyvilon_altar_4, serial_shops,
          nicolae_shop_waterfront, minivault_10, uniq_sigmund, uniq_menkaure,
          uniq_edmund
D:7:      black_bear_nest_2, layout_loops_corners, uniq_joseph
Temple:   cyrus_circular_temple

Skill      XL: |  1  2  3  4  5  6  7  8  9 |
---------------+----------------------------+-----
Fire Magic     | 4 5 6 7 8 |  8.4
Conjurations   | 2 3 4 5 6 |  6.4
Spellcasting   | 3 4 5 6 7 |  7.8
Staves         | 1 |  1.0
Fighting       | |  0.8
Dodging        | |  1.9
Stealth        | |  2.1

Action                   |  1- 3 |  4- 6 |  7- 9 || total
-------------------------+-------+-------+-------++-------
Melee: Quarterstaff      |       |     7 |    12 ||    19
       Flail             |       |       |    12 ||    12
 Cast: Foxfire           |    56 |   125 |   128 ||   309
       Scorch            |    15 |    16 |    49 ||    80
       Conjure Flame     |       |       |     2 ||     2
  Use: Scroll            |       |     3 |     8 ||    11
Armor: Robe              |     3 |    10 |    23 ||    36
Dodge: Dodged            |    13 |    25 |    63 ||   101

Table legend: (Time is in decaauts)
 A = Elapsed time spent in this place.
 B = Non-inter-level travel time spent in this place.
 C = Inter-level travel time spent in this place.
 D = Time resting spent in this place.
 E = Time spent auto-exploring this place.
 F = Levels seen in this place.
 G = Mean time per level.
                   A        B        C        D        E       F      G
               +--------+--------+--------+--------+--------+-----+--------+
         Total |   8387 |   8188 |    199 |    629 |   6402 |   8 | 1048.4 |
       Dungeon |   8327 |   8138 |    189 |    629 |   6360 |   7 | 1189.6 |
        Temple |     59 |     50 |      9 |      0 |     42 |   1 |   59.0 |
               +--------+--------+--------+--------+--------+-----+--------+

Top non-repeatable levels by time:
     D:4: 1738 daAuts
     D:1: 1512 daAuts
     D:6: 1431 daAuts
     D:5: 1298 daAuts
     D:2: 1176 daAuts
     D:3: 799 daAuts
     D:7: 371 daAuts
  Temple: 59 daAuts
